 Dungeon Crawl Stone Soup version 0.30-a0-371-gad7725a93e (webtiles) character file.

Game seed: 1900945299784379343

67 bande the Trooper (level 4, -5/29 HPs)
             Began as a Gargoyle Fighter on Nov 22, 2022.
             Slain by Terence
             ... wielding a +1 flail of holy wrath
              (8 damage)
             ... on level 3 of the Dungeon.
             The game lasted 00:01:50 (1540 turns).

bande the Trooper (Gargoyle Fighter)                Turns: 1540, Time: 00:01:51

Health: -5/29      AC: 10    Str: 19    XL:     4   Next: 16%
Magic:  4/4        EV:  9    Int:  9    God:
Gold:   117        SH:  4    Dex: 11    Spells: 3/3 levels left

rFire   . . .      SeeInvis .    a - +0 war axe
rCold   . . .      Faith    .    c - +0 buckler
rNeg    + . .      Spirit   .    b - +0 scale mail
rPois   ∞          Reflect  .    (no helmet)
rElec   +          Harm     .    (no cloak)
rCorr   .          Rampage  .    (no gloves)
Will    .....                    (no boots)
Stlth   ..........               (no amulet)
HPRegen 0.24/turn                (no ring)
MPRegen 0.09/turn                (no ring)

@: no status effects
A: sickness immunity, AC +3, negative energy resistance 1, electricity
resistance, torment resistance 1, petrification resistance
a: no special abilities


You were on level 3 of the Dungeon.
You visited 1 branch of the dungeon, and saw 3 of its levels.

You collected 117 gold pieces.

Inventory:

Hand Weapons
 a - a +0 war axe (weapon)
 h - a +0 flail
Armour
 b - a +0 scale mail (worn)
 c - a +0 buckler (worn)
Scrolls
 e - 2 scrolls of identify {unknown}
 g - a scroll of teleportation {unknown}
 n - 2 scrolls of butterflies {unknown}
 o - a scroll of torment {unknown}
Potions
 d - a potion of might
 f - 3 potions of curing {unknown}
 i - a potion of lignification {unknown}
 j - a potion of haste {unknown}
 k - a potion of experience {unknown}
 l - 4 potions of flight {unknown}
 m - a potion of heal wounds {unknown}


   Skills:
 + Level 3.9 Fighting
 + Level 3.1 Axes
 + Level 3.6 Armour
 + Level 3.4 Shields


You had 3 spell levels left.
You didn't know any spells.
Your spell library contained the following spells:

 Spells                   Type           Power      Damage    Failure   Level
 Freeze                   Ice            0%         1d3       83%         1
 Frozen Ramparts          Ice            0%         1d1       99%         3
 Hailstorm                Conj/Ice       0%         3d3       99%         3


Dungeon Overview and Level Annotations

Branches:
Dungeon (3/15)

Altars:

Annotations:
D:3 Terence


Innate Abilities, Weirdness & Mutations

You are immune to sickness and miasma.
Your stone body is resilient. (AC +3)
You are immune to poison.
You resist negative energy. (rN+)
You are resistant to electric shocks. (rElec)
You are resistant to unholy torment.
You are immune to petrification.


Message History

Terence hits you with a +1 flail of holy wrath!
You hit Terence.
Terence is lightly wounded.
The bat completely misses you. Terence hits you but does no damage.
You hit Terence but do no damage.
Terence is lightly wounded.
The bat hits you but does no damage.
Terence asks, "Do you want it fast or slow?"
Terence hits you with a +1 flail of holy wrath.
You closely miss Terence.
Terence is lightly wounded.
You closely miss the frilled lizard. The bat hits you but does no damage.
The bat closely misses you. The frilled lizard barely misses you.
Terence hits you with a +1 flail of holy wrath.
You are too injured to fight recklessly!
You are too injured to fight recklessly!
You are too injured to fight recklessly!
You are too injured to fight recklessly!
You are too injured to fight recklessly!
You are too injured to fight recklessly!
Unknown command.
You hit Terence but do no damage.
Terence is lightly wounded.
You slash the frilled lizard!
You kill the frilled lizard!
The bat hits you.
Terence hits you with a +1 flail of holy wrath.
* * * LOW HITPOINT WARNING * * *
Terence hits you but does no damage.
You barely miss Terence.
Terence is lightly wounded.
The bat barely misses you. You block Terence's attack.
Unknown command.
You hit Terence.
Terence is heavily wounded.
The bat hits you but does no damage.
Terence hits you with a +1 flail of holy wrath.
* * * LOW HITPOINT WARNING * * *
Terence hits you with a +1 flail of holy wrath!
You die...

###.### ##...##
#.....# ##.....##
#.....# ##.......##
##...<.#
..........####......#
.....b....+.........#
..........####....###
#.......# ##.#.#
#...@@.# ###.#
#....#.# ####.####
#.#+##.# #.......#
###.#.##.# #.##.##.#
.....##.# #....##.#
#.#.##.# #..####.#
#..†.#.# #.......#
.####......#
##>######
...........# #.#


You could see Terence and a bat.

Vanquished Creatures
  3 adders (D:2)
  2 dart slugs
  2 ball pythons
  5 bats
  4 endoplasms (D:1)
  3 giant cockroaches
  3 goblins (D:2)
  3 jackals (D:1)
  5 frilled lizards
  3 kobolds
  3 rats (D:1)
36 creatures vanquished.

Notes
Turn   | Place    | Note
-------+----------+-------------------------------------------
     0 | D:1      | bande the Gargoyle Fighter began the quest for the Orb.
     0 | D:1      | Reached XP level 1. HP: 14/14 MP: 1/1
   437 | D:1      | Reached XP level 2. HP: 19/19 MP: 2/2
   862 | D:2      | Reached XP level 3. HP: 24/24 MP: 3/3
   877 | D:2      | Found a faded altar of an unknown god.
  1266 | D:2      | Reached XP level 4. HP: 26/29 MP: 4/4
  1530 | D:3      | Noticed Terence
  1540 | D:3      | Slain by Terence

Illustrated notes

Levels and vault maps discovered:
D:1:      amcnicky_arrival_double_pillar, layout_basic
D:2:      layout_rooms, basic_ecumenical_altar, reono_crystal_passage,
          kennysheep_generic_room_11
D:3:      cheibrodos_pilgrimage, layout_loops_corners, uniq_terence

Skill      XL: |  1  2  3 |
---------------+----------+-----
Axes           | 2 3 |  3.1
Fighting       | |  3.9
Armour         | |  3.6
Shields        | |  3.4

Action                   |  1- 3 |  4- 6 || total
-------------------------+-------+-------++-------
Melee: War axe           |    78 |    11 ||    89
Armor: Scale mail        |    46 |     8 ||    54
Dodge: Dodged            |    50 |     8 ||    58
Block: Buckler           |    23 |     3 ||    26

Table legend: (Time is in decaauts)
 A = Elapsed time spent in this place.
 B = Non-inter-level travel time spent in this place.
 C = Inter-level travel time spent in this place.
 D = Time resting spent in this place.
 E = Time spent auto-exploring this place.
 F = Levels seen in this place.
 G = Mean time per level.
                   A        B        C        D        E       F      G
               +--------+--------+--------+--------+--------+-----+--------+
         Total |   1576 |   1542 |     34 |    251 |    993 |   3 |  525.3 |
       Dungeon |   1576 |   1542 |     34 |    251 |    993 |   3 |  525.3 |
               +--------+--------+--------+--------+--------+-----+--------+

Top non-repeatable levels by time:
     D:1: 871 daAuts
     D:2: 628 daAuts
     D:3: 76 daAuts
